| TOP OF THE 1ST |
|
Ohio State University Buckeyes batting - Pitching for University of Illinois Fighting Illini : RHP Sergei Stefanov
|
|
Pitching: RHP Sergei Stefanov
|
|
|
Batting: RHB Hikaru Nakata
|
0-0: Called Strike 0-1: Ball 1-1: Fly out, F8 (Flyball, 89S, EV 84.4 MPH)
|
|
Batting: RHB Tony Vasquez
|
0-0: Ball 1-0: Swinging Strike 1-1: Ball 2-1: Foul Ball, location: 2F 2-2: Strikes out swinging
|
|
Batting: SHB Ken Griffey IV
|
0-0: Called Strike 0-1: Ball 1-1: Foul Ball, location: 2F 1-2: Ball 2-2: Ball 3-2: Foul Ball, location: 2F 3-2: SINGLE (Groundball, 6, EV 101.2 MPH)
|
|
Batting: LHB Danny Schultz
|
0-0: Foul Ball, location: 9LSF, Error on foul ball, E9 0-1: Ball 1-1: Ball 2-1: Fly out, F9 (Line Drive, 9S, EV 110.6 MPH)
|
| Top of the 1st over - 0 runs, 1 hit, 1 error, 1 left on base; Ohio State University 0 - University of Illinois 0 |
| BOTTOM OF THE 1ST |
|
University of Illinois Fighting Illini batting - Pitching for Ohio State University Buckeyes : RHP Curt De Kock
|
|
Pitching: RHP Curt De Kock
|
|
|
Batting: LHB Fumito Sakurai
|
0-0: SINGLE (Flyball, 5D, EV 94.4 MPH)
|
|
Batting: RHB Alejandro Collazo
|
0-0: Foul Ball, location: 2F 0-1: Ball 1-1: Fly out, F8 (Flyball, 8LXD, EV 109.4 MPH) Runner from 1st tags up, SAFE at 2nd
|
|
Batting: LHB Bill Kovac
|
0-0: Foul Ball, location: 2F 0-1: SINGLE (Line Drive, 56D, EV 94.4 MPH) Fumito Sakurai to third Runner from 3rd tries for Home, SAFE, throw by LF to home
|
|
Batting: RHB Hugo Priego
|
0-0: SINGLE (Groundball, 6M, EV 103.8 MPH) (infield hit) Bill Kovac to second
|
|
Batting: LHB Andrew Barzee
|
0-0: Ball 1-0: Ball 2-0: Called Strike 2-1: Fly out, F7 (Flyball, 7LMF, EV 78.8 MPH)
|
|
Batting: RHB Cody Leonard
|
0-0: Ball 1-0: Ball 2-0: Ball 3-0: Called Strike 3-1: Base on Balls Bill Kovac to third Hugo Priego to second
|
|
Batting: RHB Mustafa bin Gamali
|
0-0: Ground out 5-3 (Groundball, 56S, EV 68.1 MPH)
|
| Bottom of the 1st over - 1 run, 3 hits, 0 errors, 3 left on base; Ohio State University 0 - University of Illinois 1 |
| TOP OF THE 2ND |
|
Ohio State University Buckeyes batting - Pitching for University of Illinois Fighting Illini : RHP Sergei Stefanov
|
|
Batting: RHB Danny Rosario
|
0-0: Swinging Strike 0-1: Foul Ball, location: 2F 0-2: Ball 1-2: Reaches on Catchers interference
|
|
Batting: RHB Gustavo Delgado
|
0-0: Called Strike 0-1: Ball 1-1: Foul Ball, location: 2F 1-2: Grounds into double play, 5-4-3 (Groundball, 5L, EV 87.5 MPH)
|
|
Batting: RHB Mike Vaughan
|
0-0: Ground out 6-3 (Groundball, 6, EV 87.5 MPH)
|
| Top of the 2nd over - 0 runs, 0 hits, 1 error, 0 left on base; Ohio State University 0 - University of Illinois 1 |
| BOTTOM OF THE 2ND |
|
University of Illinois Fighting Illini batting - Pitching for Ohio State University Buckeyes : RHP Curt De Kock
|
|
Batting: LHB Sergei Stefanov
|
0-0: Called Strike 0-1: Called Strike 0-2: Fly out, F9 (Flyball, 89S, EV 90.0 MPH)
|
|
Batting: LHB Clint Hanninen
|
0-0: Ball 1-0: Ball 2-0: Ball 3-0: Called Strike 3-1: Ground out 3-1 (Groundball, 34, EV 98.8 MPH)
|
|
Batting: LHB Fumito Sakurai
|
0-0: Called Strike 0-1: Ball 1-1: Ball 2-1: Swinging Strike 2-2: SINGLE (Groundball, P, EV 79.4 MPH) (infield hit)
|
|
Batting: RHB Alejandro Collazo
|
0-0: Foul Ball, location: 2F 0-1: Ball 1-1: Fly out, F9 (Flyball, 9S, EV 78.1 MPH)
|
| Bottom of the 2nd over - 0 runs, 1 hit, 0 errors, 1 left on base; Ohio State University 0 - University of Illinois 1 |
| TOP OF THE 3RD |
|
Ohio State University Buckeyes batting - Pitching for University of Illinois Fighting Illini : RHP Sergei Stefanov
|
|
Batting: RHB Matt Williams
|
0-0: Foul Ball, location: 5F, Error on foul ball, E5 0-1: Ball 1-1: Ground out 5-3 (Groundball, 56, EV 85.6 MPH)
|
|
Batting: RHB Dave Villarreal
|
0-0: Ball 1-0: Called Strike 1-1: Ground out 5-3 (Groundball, 56S, EV 90.0 MPH)
|
|
Batting: RHB Hikaru Nakata
|
0-0: Ball 1-0: SINGLE (Line Drive, 89S, EV 93.8 MPH)
|
|
Batting: RHB Tony Vasquez
|
0-0: Ball 1-0: Ground out U3 (Groundball, 3L, EV 81.9 MPH)
|
| Top of the 3rd over - 0 runs, 1 hit, 1 error, 1 left on base; Ohio State University 0 - University of Illinois 1 |
| BOTTOM OF THE 3RD |
|
University of Illinois Fighting Illini batting - Pitching for Ohio State University Buckeyes : RHP Curt De Kock
|
|
Batting: LHB Bill Kovac
|
0-0: Foul Ball, location: 2F 0-1: Fly out, F7 (Flyball, 7LM, EV 79.4 MPH)
|
|
Batting: RHB Hugo Priego
|
0-0: Foul Ball, location: 2F 0-1: Ball 1-1: Ball 2-1: Ball 3-1: DOUBLE (Line Drive, 78D, EV 105.0 MPH)
|
|
Batting: LHB Andrew Barzee
|
0-0: Called Strike 0-1: Ball 1-1: Called Strike 1-2: Strikes out swinging
|
|
Batting: RHB Cody Leonard
|
0-0: Called Strike 0-1: Swinging Strike 0-2: Foul Ball, location: 2F 0-2: Foul Ball, location: 2F 0-2: Ball 1-2: Ball Passed Ball! Hugo Priego to third 2-2: Ball 3-2: Ground out 1-3 (Groundball, 15S, EV 63.8 MPH)
|
| Bottom of the 3rd over - 0 runs, 1 hit, 0 errors, 1 left on base; Ohio State University 0 - University of Illinois 1 |
| TOP OF THE 4TH |
|
Ohio State University Buckeyes batting - Pitching for University of Illinois Fighting Illini : RHP Sergei Stefanov
|
|
Batting: SHB Ken Griffey IV
|
0-0: Fly out, F7 (Flyball, 7LD, EV 106.2 MPH)
|
|
Batting: LHB Danny Schultz
|
0-0: Ball 1-0: Ground out 4-3 (Groundball, 4, EV 80.0 MPH)
|
|
Batting: RHB Danny Rosario
|
0-0: Ball 1-0: Ball 2-0: Ball 3-0: Foul Ball, location: 2F 3-1: SINGLE (Groundball, 6MD, EV 101.2 MPH)
|
|
Batting: RHB Gustavo Delgado
|
0-0: Foul Ball, location: 2F 0-1: Ball Danny Rosario is caught stealing 2nd base 2-4
|
| Top of the 4th over - 0 runs, 1 hit, 0 errors, 0 left on base; Ohio State University 0 - University of Illinois 1 |
| BOTTOM OF THE 4TH |
|
University of Illinois Fighting Illini batting - Pitching for Ohio State University Buckeyes : RHP Curt De Kock
|
|
Batting: RHB Mustafa bin Gamali
|
0-0: Foul Ball, location: 2F 0-1: DOUBLE (Line Drive, 78D, EV 100.0 MPH)
|
|
Batting: LHB Sergei Stefanov
|
0-0: Called Strike 0-1: Ball 1-1: Sac Bunt to 23 - play at first, batter OUT! 3-4 Mustafa bin Gamali to third
|
|
Batting: LHB Clint Hanninen
|
0-0: Foul Ball, location: 2F 0-1: Swinging Strike 0-2: Foul Ball, location: 2F 0-2: Ball Wild Pitch! Mustafa bin Gamali scores 1-2: Foul Ball, location: 2F 1-2: Ground out 6-3 (Groundball, 6, EV 80.6 MPH)
|
|
Pinch Hitting: LHB Yashiya Nakata
|
0-0: SINGLE (Flyball, 89S, EV 86.2 MPH)
|
|
Batting: RHB Alejandro Collazo
|
0-0: Foul Ball, location: 2F 0-1: Fielders Choice at 2nd, 5-4 (Groundball, 56, EV 80.0 MPH)
|
| Bottom of the 4th over - 1 run, 2 hits, 0 errors, 1 left on base; Ohio State University 0 - University of Illinois 2 |
| TOP OF THE 5TH |
|
Ohio State University Buckeyes batting - Pitching for University of Illinois Fighting Illini : RHP Sergei Stefanov
|
|
Now at C: Adrian Segovia
|
|
|
Now at 1B: Ismael Vega
|
|
|
Now in RF: Chris Handelman
|
|
|
Batting: RHB Gustavo Delgado
|
0-0: Ball 1-0: Foul Ball, location: 2F 1-1: DOUBLE (Line Drive, 8RXD, EV 104.4 MPH)
|
|
Batting: RHB Mike Vaughan
|
0-0: Called Strike 0-1: Ball 1-1: Ball 2-1: Ball 3-1: Swinging Strike 3-2: Base on Balls
|
|
Batting: RHB Matt Williams
|
0-0: Ball 1-0: SINGLE (Line Drive, 7LS, EV 99.4 MPH) Gustavo Delgado to third Mike Vaughan to second
|
|
Batting: RHB Dave Villarreal
|
0-0: SINGLE (Line Drive, 4D, EV 98.1 MPH) Gustavo Delgado scores Mike Vaughan to third Matt Williams to second
|
|
Batting: RHB Hikaru Nakata
|
0-0: Ball 1-0: Fly out, F7 (Line Drive, 78D, EV 91.2 MPH) Runner from 3rd tags up, SCORES, no throw by LF
|
|
Batting: RHB Tony Vasquez
|
0-0: Foul Ball, location: 2F 0-1: Ball 1-1: Foul Ball, location: 2F 1-2: Fielders Choice at 2nd, 3-6 (Groundball, 13, EV 85.6 MPH) Matt Williams to third
|
|
Pinch Hitting: LHB Ben Roth
|
0-0: Swinging Strike 0-1: Called Strike 0-2: Strikes out swinging
|
| Top of the 5th over - 2 runs, 3 hits, 0 errors, 2 left on base; Ohio State University 2 - University of Illinois 2 |
| BOTTOM OF THE 5TH |
|
University of Illinois Fighting Illini batting - Pitching for Ohio State University Buckeyes : RHP Curt De Kock
|
|
Now at 1B: B.J. Clark
|
|
|
Now at 3B: Al Lara
|
|
|
Now in CF: Hikaru Nakata
|
|
|
Now in RF: Ben Roth
|
|
|
Pinch Hitting: LHB Hector Acosta
|
0-0: Called Strike 0-1: Fly out, F8 (Flyball, 8RM, EV 87.5 MPH)
|
|
Batting: RHB Hugo Priego
|
0-0: Called Strike 0-1: Ball 1-1: SINGLE (Groundball, 56S, EV 71.2 MPH) (infield hit)
|
|
Pitching: RHP Max Carter
|
|
|
Batting: SHB Chris Handelman
|
0-0: SINGLE (Line Drive, 7LS, EV 95.0 MPH) Hugo Priego to second
|
|
Batting: RHB Cody Leonard
|
0-0: Ball 1-0: Called Strike 1-1: SINGLE (Groundball, 56D, EV 106.9 MPH) Hugo Priego to third Chris Handelman to second
|
|
Batting: RHB Adrian Segovia
|
0-0: Foul Ball, location: 2F 0-1: Ball 1-1: Foul Ball, location: 2F 1-2: Strikes out swinging
|
|
Batting: LHB Sergei Stefanov
|
0-0: Ball 1-0: Foul Ball, location: 2F 1-1: Ball 2-1: Swinging Strike 2-2: Strikes out swinging
|
| Bottom of the 5th over - 0 runs, 3 hits, 0 errors, 3 left on base; Ohio State University 2 - University of Illinois 2 |
| TOP OF THE 6TH |
|
Ohio State University Buckeyes batting - Pitching for University of Illinois Fighting Illini : RHP Sergei Stefanov
|
|
Now in LF: Javy Rueda
|
|
|
Pinch Hitting: RHB Aaron Burnet
|
0-0: Called Strike 0-1: Ball 1-1: Foul Ball, location: 2F 1-2: Foul Ball, location: 2F 1-2: Ball 2-2: Ball 3-2: SINGLE (Flyball, 3D, EV 96.9 MPH)
|
|
Pinch Hitting: RHB John Britton
|
0-0: Ball 1-0: Swinging Strike 1-1: Fielders Choice at 2nd, 4-6 (Groundball, 34, EV 82.5 MPH)
|
|
Batting: RHB Al Lara
|
0-0: SINGLE (Groundball, 6D, EV 105.0 MPH) John Britton to second
|
|
Pinch Hitting: RHB Jeff Standridge
|
0-0: Ball 1-0: Called Strike 1-1: Ball 2-1: Foul Ball, location: 2F 2-2: Foul Ball, location: 2F 2-2: Ball 3-2: Strikes out looking
|
|
Batting: RHB B.J. Clark
|
0-0: Fielders Choice at 2nd, 6-4 (Groundball, 6, EV 99.4 MPH)
|
| Top of the 6th over - 0 runs, 2 hits, 0 errors, 2 left on base; Ohio State University 2 - University of Illinois 2 |
| BOTTOM OF THE 6TH |
|
University of Illinois Fighting Illini batting - Pitching for Ohio State University Buckeyes : RHP Max Carter
|
|
Now at 2B: Jeff Standridge
|
|
|
Now at SS: John Britton
|
|
|
Now in LF: Hikaru Nakata
|
|
|
Now in CF: Aaron Burnet
|
|
|
Batting: LHB Clint Hanninen
|
0-0: Ball 1-0: Swinging Strike 1-1: Called Strike 1-2: SINGLE (Line Drive, 5D, EV 96.2 MPH)
|
|
Batting: SHB Ismael Vega
|
0-0: Swinging Strike 0-1: Foul Ball, location: 2F 0-2: Ball 1-2: Ball 2-2: Ball Wild Pitch! Clint Hanninen to second 3-2: Base on Balls
|
|
Batting: RHB Alejandro Collazo
|
0-0: Ball 1-0: Ball 2-0: SINGLE (Groundball, 34S, EV 65.6 MPH) (infield hit) Clint Hanninen to third Ismael Vega to second
|
|
Batting: LHB Javy Rueda
|
0-0: Ball 1-0: Called Strike 1-1: Ball 2-1: Ball 3-1: Base on Balls Clint Hanninen scores Ismael Vega to third Alejandro Collazo to second
|
|
Batting: RHB Hugo Priego
|
0-0: Ball 1-0: Ball 2-0: Called Strike 2-1: Ball 3-1: Base on Balls Ismael Vega scores Alejandro Collazo to third Javy Rueda to second
|
|
Pitching: RHP Francisco Rodriquez
|
|
|
Batting: SHB Chris Handelman
|
0-0: Ball 1-0: SINGLE (Groundball, 56, EV 105.0 MPH) Alejandro Collazo scores Javy Rueda to third Hugo Priego to second Runner from 3rd tries for Home, SAFE, throw by LF to home
|
|
Batting: RHB Cody Leonard
|
0-0: Ball 1-0: Fly out, F8 (Flyball, 8LD, EV 98.8 MPH)
|
|
Batting: RHB Adrian Segovia
|
0-0: Ball 1-0: Grounds into double play, 1-6-3 (Groundball, 13S, EV 71.9 MPH)
|
| Bottom of the 6th over - 4 runs, 3 hits, 0 errors, 1 left on base; Ohio State University 2 - University of Illinois 6 |
| TOP OF THE 7TH |
|
Ohio State University Buckeyes batting - Pitching for University of Illinois Fighting Illini : RHP Sergei Stefanov
|
|
Batting: RHB Dave Villarreal
|
0-0: Ball 1-0: Foul Ball, location: 2F 1-1: Foul Ball, location: 2F 1-2: Ball 2-2: Ball 3-2: Base on Balls
|
|
Pinch Hitting: LHB Yu-shu Ni
|
0-0: Ball 1-0: Foul Ball, location: 2F 1-1: Called Strike 1-2: Ball 2-2: Foul Ball, location: 2F 2-2: Strikes out looking
|
|
Batting: LHB Ricardo Torres
|
0-0: Foul Ball, location: 2F 0-1: Foul Ball, location: 2F 0-2: Ball 1-2: Ball 2-2: Ball 3-2: Foul Ball, location: 2F 3-2: Foul Ball, location: 2RF, Error on foul ball, E2 3-2: 2-RUN HOME RUN (Flyball, 8LXD, EV 111.2 MPH), Distance : 449 ft
|
|
Batting: LHB Ben Roth
|
0-0: Ball 1-0: Ball 2-0: Called Strike 2-1: Foul Ball, location: 2F 2-2: Ball 3-2: Fly out, F6 (Popup, 6M, EV 61.2 MPH)
|
|
Batting: RHB Aaron Burnet
|
0-0: Ball 1-0: Ball 2-0: Ball 3-0: Called Strike 3-1: Base on Balls
|
|
Pitching: RHP Euan Irvine
|
|
|
Batting: RHB John Britton
|
0-0: Ball 1-0: Fielders Choice at 2nd, 6-4 (Groundball, 6, EV 78.8 MPH)
|
| Top of the 7th over - 2 runs, 1 hit, 1 error, 1 left on base; Ohio State University 4 - University of Illinois 6 |
| BOTTOM OF THE 7TH |
|
University of Illinois Fighting Illini batting - Pitching for Ohio State University Buckeyes : RHP Francisco Rodriquez
|
|
Now in LF: Yu-shu Ni
|
|
|
Batting: SHB Miguel Perez
|
0-0: Swinging Strike 0-1: Foul Ball, location: 2F 0-2: Ball 1-2: Fly out, F9 (Flyball, 89M, EV 90.0 MPH)
|
|
Batting: LHB Clint Hanninen
|
0-0: Called Strike 0-1: Ball 1-1: Ball 2-1: Swinging Strike 2-2: Ball 3-2: Foul Ball, location: 2F 3-2: Base on Balls
|
|
Batting: SHB Ismael Vega
|
0-0: Called Strike 0-1: Called Strike 0-2: Strikes out swinging
|
|
Batting: RHB Alejandro Collazo
|
Pickoff Throw to First - Out! 1-3
|
| Bottom of the 7th over - 0 runs, 0 hits, 0 errors, 0 left on base; Ohio State University 4 - University of Illinois 6 |
| TOP OF THE 8TH |
|
Ohio State University Buckeyes batting - Pitching for University of Illinois Fighting Illini : RHP Euan Irvine
|
|
Batting: RHB Al Lara
|
0-0: Fly out, F7 (Flyball, 7, EV 88.1 MPH)
|
|
Batting: RHB Jeff Standridge
|
0-0: Ball 1-0: Ground out 6-3 (Groundball, 6, EV 106.9 MPH)
|
|
Pinch Hitting: LHB Eddie Corona
|
0-0: Fly out, F8 (Flyball, 8RD, EV 85.6 MPH)
|
| Top of the 8th over - 0 runs, 0 hits, 0 errors, 0 left on base; Ohio State University 4 - University of Illinois 6 |
| BOTTOM OF THE 8TH |
|
University of Illinois Fighting Illini batting - Pitching for Ohio State University Buckeyes : RHP Francisco Rodriquez
|
|
Pitching: RHP Jose Ortiz
|
|
|
Now at 1B: Eddie Corona
|
|
|
Batting: RHB Alejandro Collazo
|
0-0: Ball 1-0: Ground out 1-3 (Groundball, 34S, EV 65.0 MPH)
|
|
Batting: LHB Javy Rueda
|
0-0: Ball 1-0: Fly out, F7 (Flyball, 7D, EV 104.4 MPH)
|
|
Batting: RHB Hugo Priego
|
0-0: Ball 1-0: Ball 2-0: Called Strike 2-1: Foul Ball, location: 2F 2-2: Strikes out swinging
|
| Bottom of the 8th over - 0 runs, 0 hits, 0 errors, 0 left on base; Ohio State University 4 - University of Illinois 6 |
| TOP OF THE 9TH |
|
Ohio State University Buckeyes batting - Pitching for University of Illinois Fighting Illini : RHP Euan Irvine
|
|
Batting: RHB Dave Villarreal
|
0-0: Called Strike 0-1: Ground out U3 (Groundball, 3S, EV 94.4 MPH)
|
|
Pinch Hitting: RHB Juan Araiza
|
0-0: Called Strike 0-1: SINGLE (Line Drive, 4D, EV 99.4 MPH)
|
|
Batting: LHB Ricardo Torres
|
0-0: Ball 1-0: Ball 2-0: Ball 3-0: Called Strike 3-1: Foul Ball, location: 2F 3-2: Foul Ball, location: 2F 3-2: Strikes out swinging
|
|
Pinch Hitting: RHB Michihisa Tanaka
|
0-0: Ball 1-0: Foul Ball, location: 2F 1-1: Ball 2-1: Ball 3-1: Base on Balls Juan Araiza to second
|
|
Pitching: RHP Aaron Andrei
|
|
|
Pinch Hitting: LHB Brian Van
|
0-0: Ball 1-0: Fly out, F9 (Flyball, 9, EV 80.6 MPH)
|
| Top of the 9th over - 0 runs, 1 hit, 0 errors, 2 left on base; Ohio State University 4 - University of Illinois 6 |
|